 Dungeon Crawl Stone Soup version 0.32-a0-128-g77eb882913 (webtiles) character file.

Game seed: 4332124172497605397

3175 Bobbunny the Firebug (level 9, -2/74 HPs)
             Began as a Demigod Fire Elementalist on Feb 8, 2024.
             Killed from afar by an orc wizard (6 damage)
             ... with a magic dart
             ... on level 8 of the Dungeon.
             The game lasted 00:10:47 (8739 turns).

Bobbunny the Firebug (Demigod Fire Elementalist)    Turns: 8739, Time: 00:10:48

Health: -2/74      AC:  7    Str: 13    XL:     9   Next: 37%
Magic:  3/20       EV: 12    Int: 25    God:
Gold:   484        SH:  0    Dex: 14    Spells: 15/18 levels left

rFire   . . .        z - +4 flail (protect)
rCold   . . .        (no shield)
rNeg    . . .        c - +0 steam dragon scales
rPois   +            (no helmet)
rElec   .            (no cloak)
rCorr   .            (no gloves)
SInv    .            x - +1 pair of boots
Will    +....        (no amulet)
Stlth   ++           i - ring of willpower
HPRegen 0.32/turn    v - ring of poison resistance
MPRegen 0.17/turn

%: no passive effects
@: no status effects
A: high MP 1, forlorn, divine attributes
a: no special abilities


You were on level 8 of the Dungeon.
You visited 1 branch of the dungeon, and saw 8 of its levels.

You collected 484 gold pieces.

Inventory:

Hand Weapons
 y - a +0 whip
 z - a +4 flail of protection (weapon)
Missiles
 e - a curare-tipped dart
 r - 4 boomerangs
 A - 8 poisoned darts
Armour
 c - +0 steam dragon scales (worn)
 x - a +1 pair of boots (worn)
 G - the +1 robe "Qetir" {rElec rF+ rC+ Int-4}
   (You found it on level 6 of the Dungeon)

   Int-4:     It affects your intelligence (-4).
   rF+:       It protects you from fire.
   rC+:       It protects you from cold.
   rElec:     It insulates you from electricity.
Jewellery
 i - a ring of willpower (left hand)
 q - a ring of protection from cold
 v - a ring of poison resistance (right hand)
 B - a ring of ice
Wands
 E - a wand of paralysis (2)
Scrolls
 f - a scroll of poison {unknown}
 k - 2 scrolls of amnesia {unknown}
 l - a scroll of identify
 m - a scroll of teleportation {unknown}
 s - a scroll of vulnerability {unknown}
 t - a scroll of revelation {unknown}
 u - a scroll of immolation {unknown}
 C - a scroll of summoning {unknown}
 D - a scroll of brand weapon {unknown}
 F - a scroll of enchant weapon
Potions
 a - a potion of haste {unknown}
 b - a potion of magic
 d - a potion of heal wounds {unknown}
 g - 2 potions of attraction
 h - 3 potions of curing
 j - a potion of brilliance {unknown}
 n - a potion of berserk rage {unknown}
 o - a potion of invisibility {unknown}
 p - 3 potions of resistance {unknown}
 H - a potion of experience {unknown}


   Skills:
 + Level 5.4 Fighting
 + Level 6.0 Maces & Flails
 - Level 2.0 Armour
 - Level 1.7 Dodging
 - Level 1.7 Stealth
 - Level 5.0 Spellcasting
 - Level 3.0 Conjurations
 + Level 7.2 Fire Magic


You had 15 spell levels left.
You knew the following spells:

 Your Spells              Type           Power      Damage    Failure   Level
a - Foxfire               Conj/Fire      100%       2x1d9     1%          1
b - Scorch                Fire           84%        2d8       1%          2

Your spell library contained the following spells:

 Spells                   Type           Power      Damage    Failure   Level
 Inner Flame              Hex/Fire       24%        N/A       5%          3
 Volatile Blastmotes      Fire/Tloc      48%        2d14      5%          3
 Flame Wave               Conj/Fire      31%        2d9       10%         4


Dungeon Overview and Level Annotations

Branches:
Dungeon (8/15)             Temple (0/1) D:7            Lair (0/5) D:8


Innate Abilities, Weirdness & Mutations

You have an increased reservoir of magic. (+10% MP)
You shall have no god before yourself.
Your divine heritage dramatically boosts your attributes as you level up.


Message History

Your weapon exudes an aura of protection.
The sky beast is heavily wounded.
The sky beast flickers out of sight!
Something hits you but does no damage.
You barely miss something. Your punch misses something.
Something hits you but does no damage. Something hits you but does no damage.
Casting: Foxfire (safe; 1% risk of failure)
Confirm with . or Enter, or press ? or * to list all spells.
You conjure some foxfire!
Something hits you but does no damage.
Your foxfire dissipates!
The foxfire hits something.
The orc priest invokes the aid of Beogh against you.
Something writhes in agony.
A magic dart appears from out of thin air!
The magic dart hits something.
The orc priest begins to cast a cantrip, but forgets the words!
Something hits you but does no damage.
The orc warrior is no longer more vulnerable to fire.
Something hits you but does no damage.
The orc priest calls down the wrath of Beogh upon you.
Beogh smites you!
* * * LOW HITPOINT WARNING * * *
The orc priest casts a cantrip, but nothing happens.
Something hits you.
* * * LOW HITPOINT WARNING * * *
Something shocks you.
* * * LOW HITPOINT WARNING * * *
Casting: Foxfire (safe; 1% risk of failure)
Confirm with . or Enter, or press ? or * to list all spells.
You conjure some foxfire!
Something hits you but does no damage.
You hit something.
Your weapon exudes an aura of protection.
The foxfire hits something.
The foxfire hits something!
Reactivating autopickup.
You feel a bit more experienced.
Your Maces & Flails skill increases to level 6!
A magic dart appears from out of thin air!
Deactivating autopickup; reactivate with Ctrl-A.
The magic dart hits you.
You die...

#.#.#..# ####.....#
######..o..o#
#######....o.###..#
#.......###### .)#
#......o# )..#
#......{# ....o
#.......# ....o.
#......@# .......
#######.#######
...)...
####.........
#............
#.######..... ##
#)..# ..... #.
###.# .... #< #.#
... +. #.# ... ##


You could see an orc warrior.

Vanquished Creatures
  Sigmund (D:4)
  3 yaks
  Eustachio (D:4)
  A steam dragon (D:7)
  Edmund (D:4)
  A water moccasin (D:6)
  An ice beast (D:6)
  3 ogres
  2 black bears (D:5)
  2 sky beasts
  2 centaurs (D:6)
  3 phantoms
  A kobold brigand (D:7)
  4 scorpions
  A jelly (D:7)
  A hound (D:6)
  A bombardier beetle (D:5)
  2 orc priests
  A gnoll bouda (D:7)
  A sleepcap (D:7)
  Jessica (D:2)
  2 iguanas (D:5)
  6 orc wizards
  7 gnolls
  6 adders
  2 shadow imps
  A white imp (D:5)
  2 ufetubi (D:7)
  2 ribbon worms
  3 dart slugs
  19 orcs
  10 bats
  11 endoplasms
  5 giant cockroaches
  7 goblins
  8 hobgoblins
  8 jackals
  9 quokkas
  8 ball pythons
  3 frilled lizards (D:1)
  10 kobolds
  9 rats
172 creatures vanquished.

Vanquished Creatures (others)
  160 foxfires
160 creatures vanquished.

Grand Total: 332 creatures vanquished

Notes
Turn   | Place    | Note
-------+----------+-------------------------------------------
     0 | D:1      | Bobbunny the Demigod Fire Elementalist began the quest for
                  | the Orb.
     0 | D:1      | Reached XP level 1. HP: 14/14 MP: 5/5
    40 | D:1      | Reached skill level 1 in Conjurations
   312 | D:1      | Reached XP level 2. HP: 13/20 MP: 0/7
   317 | D:1      | Learned a level 2 spell: Scorch
   633 | D:1      | Reached skill level 3 in Fire Magic
   967 | D:1      | Reached XP level 3. HP: 26/26 MP: 5/9
  1278 | D:2      | Noticed Jessica
  1283 | D:2      | Killed Jessica
  1446 | D:2      | Reached XP level 4. HP: 32/33 MP: 2/10
  2105 | D:3      | Reached skill level 1 in Maces & Flails
  2105 | D:3      | Reached XP level 5. HP: 24/38 MP: 3/12
  3097 | D:4      | Reached skill level 4 in Fire Magic
  3195 | D:4      | Noticed Eustachio
  3208 | D:4      | Killed Eustachio
  3209 | D:4      | Reached XP level 6. HP: 12/45 MP: 1/14
  3818 | D:4      | Noticed Edmund
  3836 | D:4      | HP: 1/45 [Edmund/+4 flail of protection (8)]
  4068 | D:4      | Killed Edmund
  4069 | D:4      | Reached skill level 1 in Fighting
  4135 | D:4      | Reached XP level 7. HP: 35/52 MP: 11/16
  4146 | D:4      | Reached skill level 5 in Fire Magic
  4535 | D:4      | Noticed Sigmund
  4538 | D:4      | Killed Sigmund
  4697 | D:5      | Entered Level 5 of the Dungeon
  4776 | D:5      | Noticed a yak
  4776 | D:5      | Noticed a yak
  4777 | D:5      | Noticed a yak
  4807 | D:4      | Killed a yak
  4910 | D:4      | Reached XP level 8. HP: 62/62 MP: 6/18
  5019 | D:4      | Reached skill level 5 in Spellcasting
  5254 | D:5      | Reached skill level 6 in Fire Magic
  5725 | D:5      | Reached skill level 1 in Armour
  6846 | D:6      | Reached skill level 5 in Maces & Flails
  7011 | D:6      | Reached XP level 9. HP: 72/72 MP: 11/20
  7201 | D:6      | Identified the +1 robe "Qetir" {rElec rF+ rC+ Int-4}
  7906 | D:7      | Reached skill level 5 in Fighting
  7906 | D:7      | Reached skill level 7 in Fire Magic
  8422 | D:7      | Found a staircase to the Ecumenical Temple.
  8627 | D:8      | Found a staircase to the Lair.
  8735 | D:8      | HP: 3/74 [something (6)]
  8739 | D:8      | Killed from afar by an orc wizard

Illustrated notes

Levels and vault maps discovered:
D:1:      dpeg_arrival_erosion, layout_basic, hex_tiny
D:2:      layout_rooms, uniq_jessica
D:3:      layout_loops_cross
D:4:      layout_basic, slow_altar_2, hangedman_glass_teeth,
          chequers_hall_statues_corner_a, nicolae_figureground_pulse,
          uniq_sigmund, uniq_eustachio, uniq_edmund
D:5:      layout_cave_pods, grunt_temple_overflow_open
D:6:      layout_basic
D:7:      layout_basic, minmay_temple_entry_poolview, grunt_ministairs_11
D:8:      layout_rooms, lair_entry_dummy, kennysheep_generic_room_14

Skill      XL: |  1  2  3  4  5  6  7  8  9 |
---------------+----------------------------+-----
Conjurations   | 1 2 3 |  3.0
Spellcasting   | 2 3 4 5 |  5.0
Fire Magic     | 3 4 5 6 7 |  7.2
Maces & Flails | 1 2 3 5 6 |  6.0
Fighting       | 1 2 4 5 |  5.4
Armour         | 2 |  2.0
Dodging        | |  1.7
Stealth        | |  1.7

Action                     |  1- 3 |  4- 6 |  7- 9 || total
---------------------------+-------+-------+-------++-------
  Melee: Unarmed           |    16 |       |       ||    16
         Mace              |    26 |    21 |       ||    47
         Punch             |     1 |     2 |     3 ||     6
         Rapier            |       |    17 |       ||    17
         Flail             |       |       |    46 ||    46
   Cast: Foxfire           |    42 |    11 |    39 ||    92
         Scorch            |    12 |    65 |   134 ||   211
    Use: Scroll            |       |     2 |     5 ||     7
   Stab: Sleeping          |     1 |       |       ||     1
 Armour: Robe              |    42 |    19 |     4 ||    65
         Leather armour    |       |    22 |    76 ||    98
         Steam dragon scal |       |       |    31 ||    31
  Dodge: Dodged            |    57 |    52 |    76 ||   185

Table legend: (Time is in decaauts)
 A = Elapsed time spent in this place.
 B = Non-inter-level travel time spent in this place.
 C = Inter-level travel time spent in this place.
 D = Time resting spent in this place.
 E = Time spent auto-exploring this place.
 F = Levels seen in this place.
 G = Mean time per level.
                   A        B        C        D        E       F      G
               +--------+--------+--------+--------+--------+-----+--------+
         Total |   8769 |   8461 |    308 |   1485 |   5797 |   8 | 1096.1 |
       Dungeon |   8769 |   8461 |    308 |   1485 |   5797 |   8 | 1096.1 |
               +--------+--------+--------+--------+--------+-----+--------+

Top non-repeatable levels by time:
     D:4: 1904 daAuts
     D:5: 1317 daAuts
     D:6: 1293 daAuts
     D:1: 1277 daAuts
     D:3: 1021 daAuts
     D:7: 1000 daAuts
     D:2: 831 daAuts
     D:8: 122 daAuts
